 Dungeon Crawl Stone Soup version 0.29.1-1-gd02db6906a (webtiles) character file.

Game seed: 9714594538118033652

26 Earthwalker the Magician (level 2, 20/20 HPs)
             Began as a Draconian Hedge Wizard on Oct 7, 2022.
             Got out of the dungeon alive.
             The game lasted 00:06:29 (1713 turns).

Earthwalker the Magician (Draconian Hedge Wizard)   Turns: 1713, Time: 00:06:29

Health: 20/20      AC:  4    Str: 12    XL:     2   Next: 89%
Magic:  6/6        EV: 12    Int: 14    God:
Gold:   57         SH:  0    Dex: 10    Spells: 7/8 levels left

rFire   . . .      SeeInvis .   a - +0 dagger
rCold   . . .      Faith    .   (no shield)
rNeg    . . .      Spirit   .   (body armour unavailable)
rPois   .          Reflect  .   b - +0 hat
rElec   .          Harm     .   (no cloak)
rCorr   .          Rampage  .   (no gloves)
Will    .....                   (no boots)
Stlth   ++........              (no amulet)
HPRegen 0.06/turn               (no ring)
MPRegen 0.10/turn               (no ring)

@: no status effects
A: AC +4, unfitting armour, cold-blooded
a: no special abilities


You escaped.
You visited 1 branch of the dungeon, and saw 1 of its levels.

You collected 57 gold pieces.

Inventory:

Hand Weapons
 a - a +0 dagger (weapon)
Armour
 b - a +0 hat (worn)
Scrolls
 f - 2 scrolls of teleportation {unknown}
 h - a scroll of identify {unknown}
 i - a scroll of enchant weapon {unknown}
Potions
 c - a potion of magic
 d - a potion of resistance {unknown}
 e - 2 potions of might {unknown}
 g - a potion of flight {unknown}
 j - a potion of attraction {unknown}


   Skills:
 + Level 0.2 Short Blades
 * Level 1.8 Dodging
 * Level 2.2 Stealth
 * Level 3.6 Spellcasting
 * Level 1.1 Conjurations
 * Level 1.0 Summonings
 * Level 1.1 Translocations


You had 7 spell levels left.
You knew the following spells:

 Your Spells              Type           Power      Damage    Failure   Level
a - Magic Dart            Conj           20%        1d4       13%         1

Your spell library contained the following spells:

 Spells                   Type           Power      Damage    Failure   Level
 Blink                    Tloc           10%        N/A       19%         2
 Slow                     Hex            8%         N/A       21%         1
 Call Imp                 Summ           5%         N/A       21%         2
 Conjure Flame            Conj/Fire      4%         6-21      43%         3
 Mephitic Cloud           Conj/Pois/Air  3%         N/A       45%         3


Dungeon Overview and Level Annotations

Branches:
Dungeon (1/15)

Altars:


Innate Abilities, Weirdness & Mutations

Your plain brown scales are hard. (AC +4)
You cannot fit into any form of body armour.
You are cold-blooded and may be slowed by cold attacks.


Message History

Press: ? - help, Shift-Dir - straight line, f - ball python
Aim: a ball python (asleep, 100% to hit)
The magic dart hits the ball python.
The ball python is moderately wounded.
The ball python hisses angrily.
Casting: Magic Dart (safe; 13% risk of failure)
Confirm with . or Enter, or press ? or * to list all spells.
Aiming: Magic Dart (safe; 13% risk of failure)
Press: ? - help, Shift-Dir - straight line, f/p - ball python
Aim: a ball python (moderately wounded, 100% to hit)
The magic dart hits the ball python.
The ball python is severely wounded.
Casting: Magic Dart (safe; 13% risk of failure)
Confirm with . or Enter, or press ? or * to list all spells.
Aiming: Magic Dart (safe; 13% risk of failure)
Press: ? - help, Shift-Dir - straight line, f/p - ball python
Aim: a ball python (severely wounded, 100% to hit)
The magic dart hits the ball python.
You kill the ball python!
There is a stone staircase leading down here.
A ball python comes into view.
Found an escape hatch in the floor.
Found a stone staircase leading down.
The ball python hisses angrily.
Casting: Magic Dart (safe; 13% risk of failure)
Confirm with . or Enter, or press ? or * to list all spells.
Aiming: Magic Dart (safe; 13% risk of failure)
Press: ? - help, Shift-Dir - straight line, f - ball python
Aim: a ball python (100% to hit)
The magic dart hits the ball python.
You kill the ball python!
You see here a ball python corpse.
There is a stone staircase leading down here.
There is an escape hatch in the floor here.
You see here 6 javelins.
You see here a +0 whip.
Partly explored, can't reach some places.
Partly explored, can't reach some places.
There is a staircase leading out of the dungeon here.
Are you sure you want to leave the Dungeon?
This will make you lose the game!
You have escaped!

.# #.# #.# #####....#
.### #.# ##.## #.....
...# #.# ##...######
##..## ##.#
#.###.........# #....
.#.# #.##..........#
#.##. ...#
#.###..#####..## #.##.
...# #.##..#.....#..##
#.##.
..######.#..#.......#..##
#....
...........#....@....#..#
###..
##########..#.......#..##
#.. ....# ##..#....)#..##
##. ###.# ##..#####..##
#. #.# ##.......## #. #.#
##..#.### #. ###.#####
##...# #### #. ........#
#########'.# ####
###.###.# #≈....#.# #...


There were no monsters in sight!

Vanquished Creatures
  A dart slug (D:1)
  A bat (D:1)
  2 endoplasms (D:1)
  2 giant cockroaches (D:1)
  A goblin (D:1)
  3 hobgoblins (D:1)
  4 jackals (D:1)
  3 ball pythons (D:1)
  2 frilled lizards (D:1)
  2 rats (D:1)
21 creatures vanquished.

Vanquished Creatures (others)
  13 demonic plants (D:1)
  A fungus (D:1)
  3 plants (D:1)
  2 withered plants (D:1)
19 creatures vanquished.

Grand Total: 40 creatures vanquished

Notes
Turn   | Place    | Note
-------+----------+-------------------------------------------
     0 | D:1      | Earthwalker the Draconian Hedge Wizard began the quest for
                  | the Orb.
     0 | D:1      | Reached XP level 1. HP: 14/14 MP: 4/4
   130 | D:1      | Reached XP level 2. HP: 6/20 MP: 0/6
   374 | D:1      | Found a faded altar of an unknown god.
  1713 | D:$      | Got out of the dungeon alive.

Illustrated notes

Levels and vault maps discovered:
D:1:      scummos_arrival_hexagon, layout_loops_ring,
          shapermc_ecumenical_altar_gd, chequers_serial_rivers_room_a

Skill      XL: |  1  2 |
---------------+-------+-----
Stealth        | 2 |  2.2
Short Blades   | |  0.2
Dodging        | |  1.8
Spellcasting   | |  3.6
Conjurations   | |  1.1
Summonings     | |  1.0
Translocations | |  1.1

Action                   || total
-------------------------++-------
Melee: Dagger            ||    42
       Tailslap          ||     7
 Cast: Magic Dart        ||    53
Armor: Skin              ||    15
Dodge: Dodged            ||    29
